PIO (24 & UNDER)
SASKATOON SMOKIN' GUNS @ SEATTLE RAINIERS
10/02/2026
 
TOP OF THE 1ST
Saskatoon Smokin' Guns batting - Pitching for Seattle Rainiers : RHP Domingo García
Pitching: RHP Domingo García
Batting: RHB Peter Bryant 0-0: Fly out, F3 (Popup, 4S)
Batting: SHB Michael Miller 0-0: Ground out 4-3 (Groundball, 4)
Batting: LHB Raúl Casillán 0-0: Foul Ball, location: 2F
0-1: Ball
1-1: Swinging Strike
1-2: Ball
2-2: Ground out U3 (Groundball, 3S)
Top of the 1st over - 0 run(s), 0 hit(s), 0 error(s), 0 left on base; Saskatoon 0 - Seattle 0
BOTTOM OF THE 1ST
Seattle Rainiers batting - Pitching for Saskatoon Smokin' Guns : RHP Daniel Casey
Pitching: RHP Daniel Casey
Batting: RHB Alfredo Farías 0-0: Ball
1-0: Swinging Strike
1-1: SINGLE (Flyball, 8RS)
Batting: RHB Tony Hernández 0-0: Called Strike
0-1: Ball
1-1: Ball
2-1: Ball
3-1: Base on Balls
Alfredo Farías to second
Batting: LHB Alan Moore 0-0: Grounds into double play, 4-6-3 (Groundball, 34)
Alfredo Farías to third
Batting: RHB Enrique Mendoza 0-0: Ball
1-0: Ball
2-0: Called Strike
2-1: Foul Ball, location: 2F
2-2: Strikes out swinging
Bottom of the 1st over - 0 run(s), 1 hit(s), 0 error(s), 1 left on base; Saskatoon 0 - Seattle 0
TOP OF THE 2ND
Saskatoon Smokin' Guns batting - Pitching for Seattle Rainiers : RHP Domingo García
Batting: LHB José Liñares 0-0: Called Strike
0-1: Ground out 4-3 (Groundball, 4M)
Batting: RHB César Rodríguez 0-0: Ground out 6-3 (Groundball, 6M)
Batting: LHB Russell Peck 0-0: Ball
1-0: Foul Ball, location: 2F
1-1: Foul Ball, location: 2F
1-2: Ground out U3 (Groundball, 3L)
Top of the 2nd over - 0 run(s), 0 hit(s), 0 error(s), 0 left on base; Saskatoon 0 - Seattle 0
BOTTOM OF THE 2ND
Seattle Rainiers batting - Pitching for Saskatoon Smokin' Guns : RHP Daniel Casey
Batting: RHB Robert Marks 0-0: Ball
1-0: Ball
2-0: Ball
3-0: Called Strike
3-1: Base on Balls
Batting: LHB Will Hill 0-0: Ball
1-0: Called Strike
1-1: Ball
2-1: Ball
3-1: Foul Ball, location: 2F
3-2: Strikes out swinging
Batting: RHB Howard Russell 0-0: Called Strike
0-1: Called Strike
0-2: Ball
1-2: Foul Ball, location: 2F
1-2: DOUBLE (Flyball, 89M)
Robert Marks to third
Batting: RHB Albert Cordero 0-0: Ball
1-0: Ball
2-0: Called Strike
2-1: Swinging Strike
2-2: Foul Ball, location: 2F
2-2: Strikes out swinging
Batting: RHB Jorge Colón 0-0: Ball
1-0: Ground out 5-3 (Groundball, 56S)
Bottom of the 2nd over - 0 run(s), 1 hit(s), 0 error(s), 2 left on base; Saskatoon 0 - Seattle 0
TOP OF THE 3RD
Saskatoon Smokin' Guns batting - Pitching for Seattle Rainiers : RHP Domingo García
Batting: RHB Johnny MacNamara 0-0: Fly out, F6 (Popup, 6M)
Batting: LHB Bo Rush 0-0: Called Strike
0-1: Ball
1-1: Ball
2-1: Called Strike
2-2: Fly out, F7 (Popup, 6D)
Batting: RHB Zack Flint 0-0: Ball
1-0: Called Strike
1-1: Foul Ball, location: 2F
1-2: Strikes out swinging
Top of the 3rd over - 0 run(s), 0 hit(s), 0 error(s), 0 left on base; Saskatoon 0 - Seattle 0
BOTTOM OF THE 3RD
Seattle Rainiers batting - Pitching for Saskatoon Smokin' Guns : RHP Daniel Casey
Batting: RHB Alfredo Farías 0-0: SINGLE (Groundball, 6M)
Batting: RHB Tony Hernández 0-0: Ball
1-0: Swinging Strike
1-1: Ball
2-1: Ball
3-1: Foul Ball, location: 2F
3-2: Ground out 5-3 (Groundball, 5S)
Alfredo Farías to second
Batting: LHB Alan Moore 0-0: Called Strike
0-1: Ball
Alfredo Farías is caught stealing 3rd base
1-1: Foul Ball, location: 2F
1-2: SINGLE (Flyball, 7LM)
Batting: RHB Enrique Mendoza 0-0: Ball
1-0: Foul Ball, location: 2F
1-1: Foul Ball, location: 2F
1-2: Ball
2-2: Ball
3-2: Strikes out looking
Bottom of the 3rd over - 0 run(s), 2 hit(s), 0 error(s), 1 left on base; Saskatoon 0 - Seattle 0
TOP OF THE 4TH
Saskatoon Smokin' Guns batting - Pitching for Seattle Rainiers : RHP Domingo García
Batting: RHB Peter Bryant 0-0: Fly out, F4 (Line Drive, 4)
Batting: SHB Michael Miller 0-0: Ball
1-0: Swinging Strike
1-1: Ground out U3 (Groundball, 3L)
Batting: LHB Raúl Casillán 0-0: Called Strike
0-1: Swinging Strike
0-2: SOLO HOME RUN (Line Drive, 89XD), Distance : 436 ft
Batting: LHB José Liñares 0-0: Foul Ball, location: 2F
0-1: Ball
1-1: Ball
2-1: Ball
3-1: Foul Ball, location: 2F
3-2: Foul Ball, location: 2F
3-2: Base on Balls
Batting: RHB César Rodríguez 0-0: Called Strike
0-1: Ball
1-1: Ball
2-1: Ball
3-1: Fly out, F6 (Popup, 6MD)
Top of the 4th over - 1 run(s), 1 hit(s), 0 error(s), 1 left on base; Saskatoon 1 - Seattle 0
BOTTOM OF THE 4TH
Seattle Rainiers batting - Pitching for Saskatoon Smokin' Guns : RHP Daniel Casey
Batting: RHB Robert Marks 0-0: DOUBLE (Line Drive, 7LS)
Batting: LHB Will Hill 0-0: Ball
1-0: Called Strike
1-1: Ball
2-1: Called Strike
2-2: Ball
3-2: Hit by Pitch
Pitching: RHP Luis Mejía
Batting: RHB Howard Russell 0-0: Ball
1-0: Fly out, F3 (Popup, 23)
Batting: RHB Albert Cordero 0-0: Called Strike
0-1: Foul Ball, location: 2F
0-2: Ball
1-2: Strikes out swinging
Batting: RHB Jorge Colón 0-0: Ball
Reached via error on a dropped throw, E3
Robert Marks to third
Will Hill to second
Batting: RHB Alfredo Farías 0-0: Foul Ball, location: 2F
0-1: Ground out 5-3 (Groundball, 5)
Bottom of the 4th over - 0 run(s), 1 hit(s), 1 error(s), 3 left on base; Saskatoon 1 - Seattle 0
TOP OF THE 5TH
Saskatoon Smokin' Guns batting - Pitching for Seattle Rainiers : RHP Domingo García
Batting: LHB Russell Peck 0-0: Called Strike
0-1: Foul Ball, location: 2F
0-2: Ball
1-2: Strikes out looking
Batting: RHB Johnny MacNamara 0-0: Called Strike
0-1: Foul Ball, location: 2F
0-2: Strikes out looking
Batting: LHB Bo Rush 0-0: Ball
1-0: Ball
2-0: Ground out 1-3 (Groundball, 15)
Top of the 5th over - 0 run(s), 0 hit(s), 0 error(s), 0 left on base; Saskatoon 1 - Seattle 0
BOTTOM OF THE 5TH
Seattle Rainiers batting - Pitching for Saskatoon Smokin' Guns : RHP Luis Mejía
Batting: RHB Tony Hernández 0-0: Called Strike
0-1: Ball
1-1: Fly out, F7 (Flyball, 7S)
Batting: LHB Alan Moore 0-0: Called Strike
0-1: Ball
1-1: Ball
2-1: Ground out 4-3 (Groundball, 34)
Batting: RHB Enrique Mendoza 0-0: Swinging Strike
0-1: Ball
1-1: Foul Ball, location: 2F
1-2: Foul Ball, location: 2F
1-2: Ball
2-2: Foul Ball, location: 2F
2-2: Ground out 4-3 (Groundball, 4M)
Bottom of the 5th over - 0 run(s), 0 hit(s), 0 error(s), 0 left on base; Saskatoon 1 - Seattle 0
TOP OF THE 6TH
Saskatoon Smokin' Guns batting - Pitching for Seattle Rainiers : RHP Domingo García
Batting: RHB Zack Flint 0-0: Ball
1-0: Called Strike
1-1: Ball
2-1: Ball
3-1: Foul Ball, location: 2F
3-2: Strikes out swinging
Batting: RHB Peter Bryant 0-0: Ball
1-0: Called Strike
1-1: Ball
2-1: Ball
3-1: Base on Balls
Batting: SHB Michael Miller 0-0: Ball
1-0: Ground out U3 (Groundball, 3S)
Peter Bryant to second
Batting: LHB Raúl Casillán 0-0: Called Strike
0-1: Ground out 6-3 (Groundball, 6)
Top of the 6th over - 0 run(s), 0 hit(s), 0 error(s), 1 left on base; Saskatoon 1 - Seattle 0
BOTTOM OF THE 6TH
Seattle Rainiers batting - Pitching for Saskatoon Smokin' Guns : RHP Luis Mejía
Pitching: LHP Ernesto Pérez
Batting: RHB Robert Marks 0-0: Foul Ball, location: 2F
0-1: Ball
1-1: Ball
Single, Error in OF, E8, batter to second base
Batting: LHB Will Hill 0-0: Called Strike
0-1: Ball
1-1: Swinging Strike
1-2: Strikes out looking
Batting: RHB Howard Russell 0-0: Foul Ball, location: 2F
0-1: Foul Ball, location: 2F
0-2: Strikes out swinging
Batting: RHB Albert Cordero 0-0: Called Strike
0-1: Foul Ball, location: 2F
0-2: Strikes out looking
Bottom of the 6th over - 0 run(s), 1 hit(s), 1 error(s), 1 left on base; Saskatoon 1 - Seattle 0
TOP OF THE 7TH
Saskatoon Smokin' Guns batting - Pitching for Seattle Rainiers : RHP Domingo García
Pitching: LHP William Gordon
Batting: LHB José Liñares 0-0: Fly out, F8 (Flyball, 8RM)
Batting: RHB César Rodríguez 0-0: Ball
1-0: SINGLE (Groundball, 56)
Batting: LHB Russell Peck 0-0: Fly out, F8 (Flyball, 8RM)
Pitching: RHP Dani Vásquez
Pinch Hitting: LHB Alejandro Rojas 0-0: Ball
Wild Pitch!
César Rodríguez to second
1-0: Fly out, F7 (Flyball, 78M)
Top of the 7th over - 0 run(s), 1 hit(s), 0 error(s), 1 left on base; Saskatoon 1 - Seattle 0
BOTTOM OF THE 7TH
Seattle Rainiers batting - Pitching for Saskatoon Smokin' Guns : LHP Ernesto Pérez
Now at 2B: Rijk de Rade
Batting: RHB Jorge Colón 0-0: Ball
1-0: Foul Ball, location: 2F
1-1: Ball
2-1: Called Strike
2-2: Foul Ball, location: 2F
2-2: Ball
3-2: Foul Ball, location: 2F
3-2: Strikes out swinging
Batting: RHB Alfredo Farías 0-0: Ball
1-0: Ball
2-0: Called Strike
2-1: Called Strike
2-2: Strikes out swinging
Pitching: RHP Denny Koch
Batting: RHB Tony Hernández 0-0: Ball
1-0: Foul Ball, location: 2F
1-1: Ball
2-1: Foul Ball, location: 2F
2-2: Ball
3-2: Foul Ball, location: 2F
3-2: Foul Ball, location: 2F
3-2: Base on Balls
Batting: LHB Alan Moore 0-0: Ball
Tony Hernández is caught stealing 2nd base
Bottom of the 7th over - 0 run(s), 0 hit(s), 0 error(s), 0 left on base; Saskatoon 1 - Seattle 0
TOP OF THE 8TH
Saskatoon Smokin' Guns batting - Pitching for Seattle Rainiers : RHP Dani Vásquez
Batting: LHB Bo Rush 0-0: Called Strike
0-1: Ball
1-1: Ball
2-1: Ball
3-1: Called Strike
3-2: Base on Balls
Batting: RHB Zack Flint 0-0: Foul Ball, location: 2F
0-1: Sac Bunt - play at first, batter OUT! 5-4
Bo Rush to second
Batting: RHB Peter Bryant 0-0: Intentional Walk
Pinch Hitting: RHB Xavier López 0-0: Ball
1-0: Swinging Strike
1-1: SINGLE (Groundball, 56D)
Bo Rush to third
Peter Bryant to second
Batting: LHB Raúl Casillán 0-0: Fly out, F4 (Popup, 89S)
Batting: LHB José Liñares 0-0: Called Strike
0-1: Swinging Strike
0-2: Ball
1-2: Strikes out swinging
Top of the 8th over - 0 run(s), 1 hit(s), 0 error(s), 3 left on base; Saskatoon 1 - Seattle 0
BOTTOM OF THE 8TH
Seattle Rainiers batting - Pitching for Saskatoon Smokin' Guns : RHP Denny Koch
Now at SS: Xavier López
Batting: LHB Alan Moore 0-0: Ground out U3 (Groundball, 3L)
Batting: RHB Enrique Mendoza 0-0: Ball
1-0: Ball
2-0: Called Strike
2-1: Foul Ball, location: 2F
2-2: Strikes out swinging
Batting: RHB Robert Marks 0-0: Ball
1-0: Called Strike
1-1: Ball
2-1: Foul Ball, location: 2F
2-2: Ball
3-2: Foul Ball, location: 2F
3-2: SINGLE (Groundball, 56D)
Batting: LHB Will Hill 0-0: SINGLE (Line Drive, 7LS)
Robert Marks to second
Pinch Hitting: RHB Vincent Braun 0-0: Called Strike
0-1: Foul Ball, location: 2F
0-2: Foul Ball, location: 2F
0-2: Fly out, F7 (Flyball, 78M)
Bottom of the 8th over - 0 run(s), 2 hit(s), 0 error(s), 2 left on base; Saskatoon 1 - Seattle 0
TOP OF THE 9TH
Saskatoon Smokin' Guns batting - Pitching for Seattle Rainiers : RHP Dani Vásquez
Pitching: RHP Jim Thompson
Now at 2B: Emílio Cervantes
Batting: RHB César Rodríguez 0-0: Foul Ball, location: 2F
0-1: Ball
1-1: Ball
2-1: Foul Ball, location: 2F
2-2: Hit by Pitch
Batting: LHB Russell Peck 0-0: Bunt missed!
0-1: Sac Bunt - play at first, batter OUT! 1-4
César Rodríguez to second
Pinch Hitting: LHB Carlos Perneta 0-0: Fly out, F8 (Flyball, 8RM)
Batting: LHB Bo Rush 0-0: Called Strike
0-1: Foul Ball, location: 2F
0-2: Strikes out swinging
Top of the 9th over - 0 run(s), 0 hit(s), 0 error(s), 1 left on base; Saskatoon 1 - Seattle 0
BOTTOM OF THE 9TH
Seattle Rainiers batting - Pitching for Saskatoon Smokin' Guns : RHP Denny Koch
Pitching: RHP Melvin Hicks
Now at 2B: Carlos Perneta
Batting: RHB Albert Cordero 0-0: Ball
1-0: Called Strike
1-1: Ball
2-1: Foul Ball, location: 2F
2-2: Foul Ball, location: 2F
2-2: Strikes out looking
Pinch Hitting: RHB Jacob Hill 0-0: Ball
1-0: Ball
2-0: Called Strike
2-1: Ground out 6-3 (Groundball, 56)
Batting: RHB Alfredo Farías 0-0: Swinging Strike
0-1: Called Strike
0-2: Strikes out swinging
Bottom of the 9th over - 0 run(s), 0 hit(s), 0 error(s), 0 left on base; Saskatoon 1 - Seattle 0
Monday, December 5th, 2016 - OOTP Baseball 17.12 Build 75